cohdb
Replays
Latest Replays
All Replays
Popular Replays
Top Player Replays
Match Explorer
How It Works
Community
CoH3 Stats
Reddit
Sign in to upload your games and track your stats! →
Sign in with Steam
Match 47009964
Unlisted
Match 47009964
Overview
Messages
Build Orders
End
Scout Squad
Selects Airborne Battlegroup
Selects Airborne Battlegroup
Selects Pathfinders
Construct Barracks
Selects Smoke Bombing Run
Riflemen Squad
Riflemen Squad
Infantry Support Center
Construct Weapon Support Center
M3 Armored Personnel Carrier
Construct Medical Station
Selects Paratrooper Squad Paradrop
Grenade Package
M1919 Machine Gun Team
Engineer Squad
M1918 Browning Automatic Rifles
Captain Retinue
Construct Tank Depot
Riflemen Squad
M4A1 Sherman Medium Tank
Smoke Bombing Run
Engineer Squad
Selects Paradrop Reinforcements
Selects Carpet Bombing Run
M4A1 Sherman Medium Tank
Smoke Bombing Run
Captain Retinue
Selects Anti-tank Gun Team Paradrop
Smoke Bombing Run
Anti-tank Gun Team Paradrop
Smoke Bombing Run
M4A1 Sherman Medium Tank
Smoke Bombing Run
Smoke Bombing Run
y.y
Vouvigiii
A_Smoove
MJA911
0
0
Comments
sign in to comment!
No comments posted yet!